 Dungeon Crawl Stone Soup version 0.17.1-1-g73c8601 (webtiles) character file.

126 HEYYEYAAE the Ducker (level 4, -2/24 HPs)
             Began as a Spriggan Fighter on Dec 27, 2015.
             Slain by a scorpion (9 damage)
             ... on level 4 of the Dungeon.
             The game lasted 00:04:19 (3645 turns).

HEYYEYAAE the Ducker (Spriggan Fighter)             Turns: 3645, Time: 00:04:19

Health: -2/24      AC:  2    Str: 18    XL:     4   Next: 83%
Magic:  5/5        EV: 19    Int:  9    God:
Gold:   170        SH:  6    Dex: 15    Spells: 0 memorised, 3 levels left

rFire  + . .     SeeInvis +     n - +0 whip
rCold  . . .     Clarity  .     a - +0 robe
rNeg   . . .     SustAt   .     b - +0 buckler
rPois  .         Gourm    .     (helmet restricted)
rElec  .         Spirit   .     (no cloak)
rCorr  .         Warding  .     (gloves unavailable)
rMut   .         Stasis   .     (boots unavailable)
MR     .....                    (no amulet)
Stlth  ..........               l - ring of protection from fire
                                k - ring of loudness (curse)

@: mighty, very quick, not resistant to hostile enchantments, extremely
unstealthy
A: unfitting armour, see invisible, herbivore 3, speed 3, slow metabolism 2
a: no special abilities


You were on level 4 of the Dungeon.
You were hungry.

You visited 1 branch of the dungeon, and saw 4 of its levels.

You collected 170 gold pieces.

Inventory:

Hand Weapons
 n - a +0 whip (weapon)
Missiles
 e - 16 arrows
Armour
 a - a +0 robe (worn)
 b - a +0 buckler (worn)
Jewellery
 f - a +3 ring of intelligence
 h - an uncursed ring of stealth
 k - a cursed ring of loudness (left hand)
 l - a ring of protection from fire (right hand)
Wands
 p - a wand of polymorph (0)
Scrolls
 o - a scroll of identify {unknown}
 s - a scroll of fear {unknown}
Potions
 i - 2 potions of poison {unknown}
 j - a potion of brilliance {unknown}
 m - a potion of lignification
 r - 2 potions of agility {unknown}
Comestibles
 d - 2 bread rations
 g - a slice of pizza


   Skills:
 * Level 3.5 Fighting
 + Level 1.0 Armour
 + Level 5.3 Dodging
 - Level 2.1 Shields
 + Level 2.4 Unarmed Combat


You had 3 spell levels left.
You didn't know any spells.

Dungeon Overview and Level Annotations

Branches:
Dungeon (4/15)
 Temple: D:4-7

Altars:
Dithmenos
Okawaru

Annotations:
D:3 HEYYEYAAE's ghost, amateur SpFi; Jessica


Innate Abilities, Weirdness & Mutations

You are tiny and cannot use many weapons and most armour.
You have supernaturally acute eyesight.
You are a herbivore.
You cover ground extremely quickly.
You need consume almost no food.


Message History

You are too injured to fight recklessly!
You are too injured to fight recklessly!
You are too injured to fight recklessly!
You are too injured to fight recklessly!
You are too injured to fight recklessly!
You are too injured to fight recklessly!
You are too injured to fight recklessly!
You are too injured to fight recklessly!
You are too injured to fight recklessly!
Drink which item? (? for menu, Esc to quit)
You feel very mighty all of a sudden. The giant gecko skeleton misses you.
The scorpion barely misses you.
You are too injured to fight recklessly!
You are too injured to fight recklessly!
You are too injured to fight recklessly!
You hit the scorpion.
The scorpion is moderately wounded.
The giant gecko skeleton barely misses you.
The scorpion stings you!
You die...

#. ..# #. #.#
##########. #)#
#.......... #.#
#.########. #.#
#.# ##.# #.# #.#
##.## #s#
#.#####.##
#@######.##...##
#.Z....#<##.##.##
######.#.##.###.##
#.##.# ##.# #....#
##. ###..# ## #..#
# #..######
#........


You could see a scorpion and a giant gecko skeleton.

Vanquished Creatures
  A hound (D:4)
  4 adders (D:2)
  2 worms (D:3)
  An orc (D:3)
  3 ball pythons
  8 bats
  3 giant cockroaches
  12 goblins
  2 hobgoblins (D:2)
  7 kobolds
  2 giant newts
  8 rats
53 creatures vanquished.

Notes
Turn   | Place    | Note
--------------------------------------------------------------
     0 | D:1      | HEYYEYAAE the Spriggan Fighter began the quest for the Orb.
     0 | D:1      | Reached XP level 1. HP: 11/11 MP: 2/2
   280 | D:1      | Reached XP level 2. HP: 14/16 MP: 3/3
  1186 | D:2      | Reached XP level 3. HP: 11/19 MP: 4/4
  1473 | D:2      | Found a shadowy altar of Dithmenos.
  1972 | D:2      | Reached XP level 4. HP: 7/24 MP: 5/5
  2200 | D:2      | Reached skill level 5 in Dodging
  2413 | D:2      | Found a faded altar to an unknown god.
  2421 | D:2      | HP: 1/24 [worm (11)]
  2820 | D:3      | Noticed HEYYEYAAE's ghost (amateur SpFi)
  2821 | D:3      | Noticed Jessica
  3345 | D:4      | Reached skill level 1 in Armour
  3581 | D:4      | Found an iron altar of Okawaru.
  3606 | D:4      | Noticed an ogre
  3619 | D:4      | an ogre changed into a killer bee
  3645 | D:4      | Slain by a scorpion

Action                   |  1- 3 |  4- 6 || total
-------------------------+-------+-------++-------
Melee: Unarmed           |   141 |       ||   141
       Whip              |    75 |    94 ||   169
Evoke: Wand              |       |     8 ||     8
  Use: Scroll            |     2 |     3 ||     5
       Potion            |     1 |     4 ||     5
